 Dungeon Sprint DCSS version 0.27-a0-1565-gad902ab807 (webtiles) character file.

Game seed: 12307425036281588476

3186 mhtbhm the Fencer (level 9, -14/100 HPs)
             Began as a Minotaur Berserker on July 16, 2021.
             Was a High Priest of Trog.
             Demolished by a tentacle (19 damage)
             ... attached to a kraken
             ... in the Dungeon (Sprint II: "The Violet Keep of Menkaure").
             The game lasted 00:02:28 (1518 turns).

mhtbhm the Fencer (Minotaur Berserker)              Turns: 1518, Time: 00:02:29

Health: -14/100    AC: 17    Str: 24    XL:     9   Next: 64%
Magic:  8/8        EV: 11    Int:  4    God:    Trog [*****.]
Gold:   635        SH:  0    Dex: 11    Spells: 8/8 levels left

rFire    . . .     SeeInvis .   a - +0 falchion
rCold    + + .     Faith    .   (no shield)
rNeg     . . .     Spirit   .   b - +4 chain mail of the Minstrel {rC+}
rPois    .         Reflect  .   (helmet restricted)
rElec    .         Harm     .   (no cloak)
rCorr    .         Rampage  .   i - +0 pair of gloves of Sif Muna's Esteem {rC+}
Will     .....     NoTele   +   (no boots)
Stlth    ..........             (no amulet)
HPRegen  0.26/turn              (no ring)
MPRegen  0.11/turn              (no ring)

@: unable to read, on berserk cooldown, slowed, very slow
A: horns 2, retaliatory headbutt, inability to read while threatened
a: Renounce Religion, Berserk, Trog's Hand, Brothers in Arms


You were in the Dungeon.
You worshipped Trog.
Trog was extremely pleased with you.
You visited 1 branch You collected 1053 gold pieces.
You spent 418 gold pieces at shops.

Inventory:

Hand Weapons
 a - a +0 falchion (weapon)
Armour
 b - the +4 chain mail of the Minstrel (worn) {rC+}
   (You bought it in a shop in the Dungeon)

   rC:        It protects you from cold.
 i - the +0 pair of gloves of Sif Muna's Esteem (worn) {rC+}
   (You bought it in a shop in the Dungeon)

   rC:        It protects you from cold.
Scrolls
 h - a scroll of blinking
Potions
 f - 2 potions of magic
 g - a potion of berserk rage


   Skills:
 + Level 15.7 Fighting
 + Level 16.2 Long Blades
 + Level 10.3 Armour
 + Level 8.0 Dodging
 + Level 1.0 Stealth


You had 8 spell levels left.
You didn't know any spells.
Your spell library was empty.

Dungeon Overview and Level Annotations

Branches:
Dungeon (1/1)

Altars:
Dithmenos
Elyvilon
Fedhas
Gozag
Kikubaaqudgha
Makhleb
Nemelex Xobeh
Okawaru
Qazlal
Ru
Sif Muna
Trog
Uskayaw
Vehumet
Wu Jian
Xom
Yredelemnul
Zin
The Shining One
Jiyva
Lugonu

Shops:
D [[:?!((:*!:*==*

Annotations:
D exclusion: oklob plant


Innate Abilities, Weirdness & Mutations

You have a pair of horns on your head.
You reflexively headbutt those who attack you in melee.
You sometimes lose the ability to read scrolls when taking damage.


Message History

Unknown command.
Unknown command.
You open the door. The tentacle slaps you!
* * * LOW HITPOINT WARNING * * *
The tentacle slaps you but does no damage.
Unknown command.
You cannot read scrolls in your current state!
Unknown command.
Okay, then.
Found 63 gold pieces, 23 bolts, 5 javelins and a bubbling pink potion.
The tentacle closely misses you.
You riposte.
You slash the tentacle! Your headbutt misses the tentacle.
The tentacle is moderately wounded.
The tentacle slaps you but does no damage.
The tentacle closely misses you.
There is an open door here.
Unknown command.
Found five items.
The tentacle slaps you!
* * * LOW HITPOINT WARNING * * *
The tentacle slaps you.
* * * LOW HITPOINT WARNING * * *
You see here a potion of curing.
Unknown command.
The tentacle misses you.
You see here 7 gold pieces.
The tentacle closely misses you. The tentacle slaps you!
* * * LOW HITPOINT WARNING * * *
You see here 9 gold pieces.
Unknown command.
Okay, then.
Okay, then.
The tentacle slaps you but does no damage.
You see here 22 stones.
Found the Orb of Zot.
The tentacle barely misses you.
You riposte.
You slash the tentacle! You headbutt the tentacle.
The tentacle is heavily wounded.
The tentacle slaps you but does no damage.
You see here a puce potion.
The tentacle slaps you!!
You die...

▓▓ 0.. ▓▓▓▓▓▓▓▓▓▓
▓≈§§§§§≈≈▓▓
▓▓▓▓▓▓▓▓▓▓▓
▓[?($$?[$▓▓
▓$$$!$($(▓▓ +.##.
°▓$($?[(!@▓▓
...####▓([!$$[w!▓▓
#..##.#▓$$[!?/($▓▓
+..#.)#▓)($!│)$)▓▓
#^.#÷.#▓($(:│!$(▓▓
##..##÷#▓$!!$!\!$▓▓
###...##▓▓▓▓▓▓▓\▓▓▓▓+▓
..≈≈≈≈≈≈≈≈≈≈≈≈≈.──Xw≈▓
..≈#+########+###.ww≈▓


You could see a kraken and a tentacle.

Vanquished Creatures
  A boulder beetle (D)
  A merfolk siren (D)
  A yaktaur (D)
  3 polar bears (D)
  A hornet (D)
  A blink frog (D)
  2 wyverns (D)
  4 neqoxecs (D)
  Menkaure (D)
  3 tentacles (D)
18 creatures vanquished.

Vanquished Creatures (others)
  A water moccasin (D)
1 creature vanquished.

Grand Total: 19 creatures vanquished

Notes
Turn   | Place    | Note
-------+----------+-------------------------------------------
     0 | D        | mhtbhm the Minotaur Berserker began the quest for the Orb.
     0 | D        | Reached XP level 1. HP: 19/19 MP: 0/0
     1 | D        | Noticed a boulder beetle
     1 | D        | Noticed a boulder beetle
     5 | D        | Noticed a neqoxec
     5 | D        | Noticed a neqoxec
     5 | D        | Noticed a neqoxec
     5 | D        | Noticed a neqoxec
     9 | D        | Gained mutation: You sometimes lose the ability to read
                  | scrolls when taking damage. [a neqoxec]
    11 | D        | Killed a neqoxec
    12 | D        | Reached skill level 8 in Long Blades
    12 | D        | Reached XP level 2. HP: 33/35 MP: 1/1
    12 | D        | Reached XP level 3. HP: 38/40 MP: 2/2
    12 | D        | Reached XP level 4. HP: 46/48 MP: 3/3
    17 | D        | Killed a neqoxec
    17 | D        | Reached ** piety under Trog
    18 | D        | Reached skill level 10 in Fighting
    18 | D        | Reached skill level 9 in Long Blades
    18 | D        | Reached skill level 5 in Armour
    18 | D        | Reached XP level 5. HP: 39/58 MP: 4/4
    21 | D        | Killed a neqoxec
    22 | D        | Reached skill level 11 in Long Blades
    22 | D        | Reached skill level 5 in Dodging
    22 | D        | Reached XP level 6. HP: 28/68 MP: 5/5
    25 | D        | Killed a neqoxec
   120 | D        | Killed a water moccasin
   348 | D        | Noticed a merfolk siren
   354 | D        | Killed a merfolk siren
   354 | D        | Reached *** piety under Trog
   355 | D        | Reached skill level 12 in Long Blades
   355 | D        | Reached XP level 7. HP: 78/78 MP: 6/6
   425 | D        | Noticed a wyvern
   425 | D        | Noticed a wyvern
   431 | D        | Killed a wyvern
   432 | D        | Reached skill level 13 in Long Blades
   436 | D        | Killed a wyvern
   437 | D        | Reached XP level 8. HP: 79/86 MP: 7/7
   571 | D        | Found Evvaeb's Assorted Antiques.
   571 | D        | Found Fonk's Assorted Antiques.
   571 | D        | Found Pollupna's Jewellery Shop.
   571 | D        | Found Haduz's Distillery.
   571 | D        | Found Umpaokk's Book Boutique.
   571 | D        | Found Futri's Book Shop.
   571 | D        | Found Qery's Assorted Antiques.
   572 | D        | Found Gazyfisy's Jewellery Boutique.
   572 | D        | Found Tiorol's Antique Weapon Shop.
   572 | D        | Found Mishrekla's Antique Weapon Boutique.
   572 | D        | Noticed a manticore
   577 | D        | Noticed a blink frog
   583 | D        | Killed a blink frog
   628 | D        | Found Mocanody's Distillery.
   628 | D        | Found Bafuedwi's Magic Scroll Boutique.
   628 | D        | Noticed Menkaure
   628 | D        | Noticed a manticore
   628 | D        | Noticed a manticore
   628 | D        | Noticed an oklob plant
   629 | D        | Found Tuotesh Jaiz's Antique Armour Shop.
   629 | D        | Found Iqor's Antique Armour Boutique.
   629 | D        | Found Xusk's Book Shoppe.
   630 | D        | Noticed a hell hog
   630 | D        | Noticed a hell hog
   639 | D        | Killed Menkaure
   639 | D        | Reached **** piety under Trog
   640 | D        | Reached skill level 14 in Long Blades
   684 | D        | Noticed an iron elemental
   691 | D        | Bought a scorched chain mail for 209 gold pieces
   691 | D        | Identified the +4 chain mail of the Minstrel {rC+} (You
                  | bought it in a shop in the Dungeon)
   696 | D        | Bought a pair of dazzling gloves for 209 gold pieces
   696 | D        | Identified the +0 pair of gloves of Sif Muna's Esteem {rC+}
                  | (You bought it in a shop in the Dungeon)
   856 | D        | Killed a boulder beetle
   857 | D        | Reached skill level 15 in Long Blades
   857 | D        | Reached XP level 9. HP: 11/96 MP: 8/8
  1211 | D        | Found an iron altar of Okawaru.
  1211 | D        | Found an opulent altar of Gozag.
  1213 | D        | Found a sparkling altar of Nemelex Xobeh.
  1213 | D        | Found a blossoming altar of Fedhas.
  1214 | D        | Found a radiant altar of Vehumet.
  1214 | D        | Found a burning altar of Makhleb.
  1214 | D        | Found a white marble altar of Elyvilon.
  1215 | D        | Found a hide-covered altar of Uskayaw.
  1215 | D        | Found a corrupted altar of Lugonu.
  1215 | D        | Found a shadowy altar of Dithmenos.
  1216 | D        | Found a glowing silver altar of Zin.
  1216 | D        | Found a bloodstained altar of Trog.
  1216 | D        | Found an ancient bone altar of Kikubaaqudgha.
  1217 | D        | Found a basalt altar of Yredelemnul.
  1217 | D        | Found a shimmering blue altar of Sif Muna.
  1217 | D        | Found a viscous altar of Jiyva.
  1218 | D        | Found a shimmering altar of Xom.
  1218 | D        | Found a sacrificial altar of Ru.
  1219 | D        | Found a glowing golden altar of the Shining One.
  1219 | D        | Found an ornate altar of the Wu Jian Council.
  1219 | D        | Found a stormy altar of Qazlal.
  1219 | D        | Noticed a polar bear
  1219 | D        | Noticed a polar bear
  1220 | D        | Noticed a yaktaur
  1228 | D        | Killed a polar bear
  1236 | D        | Killed a polar bear
  1237 | D        | Reached skill level 15 in Fighting
  1237 | D        | Noticed a polar bear
  1237 | D        | Paralysed by a hornet for 3 turns
  1243 | D        | Reached ***** piety under Trog
  1246 | D        | Killed a yaktaur
  1247 | D        | Reached skill level 16 in Long Blades
  1247 | D        | Reached skill level 10 in Armour
  1253 | D        | Killed a polar bear
  1254 | D        | Reached skill level 1 in Stealth
  1480 | D        | Noticed a kraken
  1515 | D        | HP: 4/100 [tentacle[a kraken] (10)]
  1518 | D        | Demolished by a tentacle

Illustrated notes

Levels and vault maps discovered:
D:        the_violet_keep_of_menkaure [sprint2_stairs_cluster_1,
          sprint2_shoproom, sprint2_temple, sprint2_basic_supplies,
          sprint2_obstacle_1, sprint2_obstacle_2, sprint2_obstacle_5,
          sprint2_obstacle_4, sprint2_obstacle_6, sprint2_timed_cluster_1,
          sprint2_smallroom_cluster_1, sprint2_smallroom_final_cluster_1,
          sprint2_transparent_cluster_1, sprint2_second_timed_cluster_1,
          sprint2_sniper_area_1, sprint2_heavy_combat_area_1,
          sprint2_mutation_trap_area_1, sprint2_forest_area_1,
          sprint2_light_combat_area_1, sprint2_behind_water_1,
          sprint2_near_end_vault_1]

Skill      XL: |  1  2  3  4  5  6  7  8  9 |
---------------+----------------------------+-----
Fighting       | 8 10 11 12 13 14 15 | 15.7
Long Blades    | 8 9 11 12 13 15 16 | 16.2
Armour         | 4 5 6 7 8 10 | 10.3
Dodging        | 3 4 5 6 7 8 |  8.0
Stealth        | 1 |  1.0

Action                   |  1- 3 |  4- 6 |  7- 9 || total
-------------------------+-------+-------+-------++-------
Melee: Falchion          |     5 |    17 |   105 ||   127
       Headbutt          |     2 |     5 |    30 ||    37
Invok: Berserk           |     1 |     1 |     6 ||     8
  Use: Potion            |       |       |     3 ||     3
Armor: Chain mail        |       |       |    48 ||    48
Dodge: Dodged            |     1 |     4 |    37 ||    42
       Rpst.: Falchion   |       |     1 |     5 ||     6

Table legend: (Time is in decaauts)
 A = Elapsed time spent in this place.
 B = Non-inter-level travel time spent in this place.
 C = Inter-level travel time spent in this place.
 D = Time resting spent in this place.
 E = Time spent auto-exploring this place.
 F = Levels seen in this place.
 G = Mean time per level.
                   A        B        C        D        E       F      G
               +--------+--------+--------+--------+--------+-----+--------+
         Total |   1542 |   1542 |      0 |   1232 |      0 |   1 | 1542.0 |
       Dungeon |   1542 |   1542 |      0 |   1232 |      0 |   1 | 1542.0 |
               +--------+--------+--------+--------+--------+-----+--------+

Top non-repeatable levels by time:
       D: 1542 daAuts
